 Dungeon Sprint DCSS version 0.31-a0-408-gb642c7f9a3 (webtiles) character file.

Game seed: 7210869925030336285

80 zazu2006 the Magician (level 4, -2/38 HPs)
             Began as a Naga Hedge Wizard on July 29, 2023.
             Slain by a scorpion (4 damage)
             ... in the Dungeon (Sprint IX: "|||||||||||||||||||||||||||||").
             The game lasted 00:00:42 (177 turns).

zazu2006 the Magician (Naga Hedge Wizard)            Turns: 177, Time: 00:00:43

Health: -2/38      AC:  2    Str: 15    XL:     4   Next: 39%
Magic:  8/12       EV: 10    Int: 14    God:
Gold:   0          SH:  0    Dex: 10    Spells: 15/16 levels left

rFire   . . .        a - +0 dagger
rCold   . . .        (no shield)
rNeg    . . .        b - +0 robe
rPois   +            c - +0 hat
rElec   .            (no cloak)
rCorr   .            (no gloves)
SInv    +            (no barding)
Will    .....        (no amulet)
Stlth   +++          (no ring)
HPRegen 0.26/turn    (no ring)
MPRegen 0.13/turn

%: no teleportation
@: on berserk cooldown, slowed, very slow
A: AC +1, large, see invisible, deformed body, poison resistance, slowness 2,
spit poison 1, naga tail 1
a: Spit Poison


You were in the Dungeon.
You visited 1 branch

Inventory:

Hand Weapons
 a - a +0 dagger (weapon)
Armour
 b - a +0 robe (worn)
 c - a +0 hat (worn)
Scrolls
 i - a scroll of blinking
Potions
 d - 3 potions of magic
 e - a potion of curing
 g - a potion of haste


   Skills:
 + Level 1.0 Fighting
 + Level 0.3 Short Blades
 + Level 3.2 Dodging
 + Level 5.5 Stealth
 + Level 6.7 Spellcasting
 + Level 1.1 Conjurations
 + Level 1.1 Summonings
 + Level 1.0 Translocations


You had 15 spell levels left.
You knew the following spells:

 Your Spells              Type           Power      Damage    Failure   Level
a - Magic Dart            Conj           28%        1d4       10%         1

Your spell library contained the following spells:

 Spells                   Type           Power      Damage    Failure   Level
 Slow                     Hex            16%        N/A       14%         1
 Blink                    Tloc           14%        N/A       14%         2
 Call Imp                 Summ           14%        N/A       14%         2
 Cigotuvi's Dreadful Rot  Necr/Pois/Air  8%         N/A       22%         2
 Mephitic Cloud           Conj/Pois/Air  5%         N/A       36%         3


Dungeon Overview and Level Annotations

Branches:
Dungeon (1/1)

Altars:


Innate Abilities, Weirdness & Mutations

Your serpentine skin is tough. (AC +1)
You have supernaturally acute eyesight. (SInv)
Armour fits poorly on your strangely shaped body.
Your system is resistant to poisons. (rPois)
You cover ground very slowly.
You can spit poison.
You have a snake-like lower body.


Message History

Unknown command.
Unknown command.
You hit the scorpion.
The scorpion is moderately wounded.
The scorpion stings you.
You hit the scorpion.
The scorpion is heavily wounded.
The scorpion stings you.
You hit the scorpion but do no damage.
The scorpion is heavily wounded.
You barely miss the scorpion.
The scorpion is heavily wounded.
The scorpion stings you.
You hit the scorpion.
The scorpion is severely wounded.
You are no longer berserk.
You are exhausted.
You feel yourself slow down. The scorpion barely misses you.
You hit the scorpion but do no damage.
The scorpion is severely wounded.
The scorpion completely misses you. The scorpion stings you.
* * * LOW HITPOINT WARNING * * *
You hit the scorpion.
You punch the scorpion, but do no damage.
The scorpion is severely wounded.
The scorpion barely misses you. x2
You hit the scorpion but do no damage.
The scorpion is severely wounded.
The scorpion stings you.
* * * LOW HITPOINT WARNING * * *
The scorpion completely misses you.
You barely miss the scorpion.
The scorpion is severely wounded.
The scorpion barely misses you.
You hit the scorpion but do no damage.
The scorpion is severely wounded.
The scorpion stings you.
* * * LOW HITPOINT WARNING * * *
The scorpion stings you.
You die...

▓.▓
▓'▓
▓)▓
▓.▓
▓.▓
▓.▓
▓.▓
▓'▓
▓@▓
▓s▓
▓.▓
▓.▓
▓.▓
▓+▓


You could see a scorpion.

Vanquished Creatures
  A howler monkey (D)
  A hound (D)
  An adder (D)
  A ball python (D)
  A quokka (D)
  3 bats (D)
  A kobold (D)
9 creatures vanquished.

Notes
Turn   | Place    | Note
-------+----------+-------------------------------------------
     0 | D        | zazu2006 the Naga Hedge Wizard began the quest for the Orb.
     0 | D        | Reached XP level 1. HP: 15/15 MP: 4/4
   146 | D        | Noticed a hound
   146 | D        | Noticed a howler monkey
   146 | D        | Noticed a scorpion
   151 | D        | Killed a hound
   152 | D        | Reached skill level 5 in Spellcasting
   152 | D        | Reached XP level 2. HP: 19/24 MP: 5/8
   152 | D        | Reached XP level 3. HP: 24/30 MP: 6/10
   155 | D        | Reached skill level 5 in Stealth
   168 | D        | Reached skill level 1 in Fighting
   168 | D        | Reached skill level 6 in Spellcasting
   168 | D        | Reached XP level 4. HP: 29/38 MP: 7/12
   177 | D        | Slain by a scorpion

Illustrated notes

Levels and vault maps discovered:
D:        linesprint [early_d, line_temple, items_1, d_10, items_2, lair_1,
          lair_end, items_3, orc_1, orc_end, items_4, d_15, swamp_1, shoals_1,
          snake_1, spider_1, d_20, vaults_1, items_5, swamp_end, shoals_end,
          snake_end, spider_end, vaults_end, d_27, items_6, zot_1, zot_end,
          crypt_end, forest_end, elf_end, slime_end, tomb_end, abyss_end,
          pan_hell_end]

Skill      XL: |  1  2  3 |
---------------+----------+-----
Dodging        | 2 3 |  3.2
Stealth        | 4 5 |  5.5
Spellcasting   | 5 6 |  6.7
Fighting       | 1 |  1.0
Short Blades   | |  0.3
Conjurations   | |  1.1
Summonings     | |  1.1
Translocations | |  1.0

Action                     |  1- 3 |  4- 6 || total
---------------------------+-------+-------++-------
  Melee: Dagger            |    45 |    10 ||    55
         Punch             |       |     1 ||     1
    Use: Potion            |     2 |       ||     2
   Stab: Sleeping          |     1 |       ||     1
 Armour: Robe              |     9 |       ||     9
  Dodge: Dodged            |    29 |     6 ||    35

Table legend: (Time is in decaauts)
 A = Elapsed time spent in this place.
 B = Non-inter-level travel time spent in this place.
 C = Inter-level travel time spent in this place.
 D = Time resting spent in this place.
 E = Time spent auto-exploring this place.
 F = Levels seen in this place.
 G = Mean time per level.
                   A        B        C        D        E       F      G
               +--------+--------+--------+--------+--------+-----+--------+
         Total |    178 |    178 |      0 |    100 |      0 |   1 |  178.0 |
       Dungeon |    178 |    178 |      0 |    100 |      0 |   1 |  178.0 |
               +--------+--------+--------+--------+--------+-----+--------+

Top non-repeatable levels by time:
       D: 178 daAuts
